 Dungeon Crawl Stone Soup version 0.20.1-1-g8b1a95d (webtiles) character file.

64 wnhky the Skirmisher (level 4, -3/48 HPs)
             Began as an Ogre Gladiator on Sept 18, 2017.
             Slain by a hobgoblin
             ... wielding a +0 club
              (5 damage)
             ... on level 2 of the Dungeon.
             The game lasted 00:03:17 (1823 turns).

wnhky the Skirmisher (Ogre Gladiator)               Turns: 1823, Time: 00:03:18

Health: -3/48      AC:  3    Str: 18    XL:     4   Next: 12%
Magic:  5/5        EV: 11    Int:  9    God:
Gold:   113        SH:  0    Dex: 11    Spells: 5/5 levels left

rFire    . . .     SeeInvis .   a - +0 flail
rCold    . . .     Gourm    .   (no shield)
rNeg     . . .     Faith    .   b - +0 robe
rPois    .         Spirit   .   c - +0 hat
rElec    .         Reflect  .   (no cloak)
rCorr    .         Harm     .   (gloves unavailable)
MR       .....                  (boots unavailable)
Stlth    +.........             (no amulet)
Regen    0.2/turn               (no ring)
MPRegen  0.1/turn               (no ring)

@: flying
A: unfitting armour, tough skin 1
a: no special abilities


You were on level 2 of the Dungeon.
You were very hungry.

You visited 1 branch of the dungeon, and saw 2 of its levels.

You collected 113 gold pieces.

Inventory:

Hand Weapons
 a - a +0 flail (weapon)
Missiles
 d - 3 throwing nets (quivered)
Armour
 b - a +0 robe (worn)
 c - a +0 hat (worn)
Jewellery
 k - an uncursed amulet of guardian spirit {unknown}
Scrolls
 e - 2 scrolls of enchant weapon {unknown}
 g - 5 scrolls of identify {unknown}
 i - a scroll of fear {unknown}
 j - 2 scrolls of teleportation {unknown}
 l - a scroll of fog {unknown}
 n - a scroll of amnesia {unknown}
Comestibles
 f - a bread ration
 h - a royal jelly


   Skills:
 * Level 3.6 Fighting
 * Level 3.1 Maces & Flails
 - Level 2.0 Throwing
 * Level 3.4 Dodging
 + Level 1.3 Spellcasting


You had 5 spell levels left.
You didn't know any spells.

Dungeon Overview and Level Annotations

Branches:
Dungeon (2/15)

Altars:
Gozag
Kikubaaqudgha
Nemelex Xobeh
Qazlal

Shops:
D:2 *


Innate Abilities, Weirdness & Mutations

You are too large for most types of armour.
You have tough skin. (AC +1)


Message History

It was a potion of flight.
You feel very buoyant.
You fly up into the air.
The hobgoblin hits you but does no damage.
The hobgoblin barely misses you. The frilled lizard bites you.
* * * LOW HITPOINT WARNING * * *
A kobold comes into view.
The kobold shouts!
The hobgoblin hits you with a club.
* * * LOW HITPOINT WARNING * * *
You barely miss the leopard gecko. The hobgoblin hits you.
* * * LOW HITPOINT WARNING * * *
The leopard gecko completely misses you.
The hobgoblin misses you. The hobgoblin hits you.
* * * LOW HITPOINT WARNING * * *
The leopard gecko bites you but does no damage.
You sock the leopard gecko!
You kill the leopard gecko!
The hobgoblin hits you with a club.
You die...

........ ... ...
....... ..< $..
..#.. .. ....
###.#.# .......
..... .#... #..# ...
.# #..## ###K#
...####..b###g@.#
##....†.#..#lg###
........##..b##
...........#.## .
#......###....####.#
#.............#....
#...............##
.......###.......#
....... ###...#..#


You could see 2 hobgoblins, a bat, a kobold and a frilled lizard.

Vanquished Creatures
  An adder (D:2)
  A dart slug (D:1)
  3 leopard geckos
  3 giant cockroaches
  5 goblins
  4 hobgoblins (D:1)
  8 jackals
  4 kobolds
  A quokka (D:2)
  A ball python (D:1)
  5 bats (D:1)
  3 frilled lizards
  8 rats
47 creatures vanquished.

Notes
Turn   | Place    | Note
-------+----------+-------------------------------------------
     0 | D:1      | wnhky the Ogre Gladiator began the quest for the Orb.
     0 | D:1      | Reached XP level 1. HP: 22/22 MP: 1/1
   128 | D:1      | Reached XP level 2. HP: 22/31 MP: 2/2
   599 | D:1      | Reached XP level 3. HP: 24/37 MP: 3/3
  1242 | D:2      | Reached skill level 1 in Spellcasting
  1256 | D:2      | Found Gozag's Platinum Reserve.
  1257 | D:2      | Found an opulent altar of Gozag.
  1750 | D:2      | Found an ancient bone altar of Kikubaaqudgha.
  1759 | D:2      | Found a stormy altar of Qazlal.
  1761 | D:2      | Found a sparkling altar of Nemelex Xobeh.
  1802 | D:2      | Reached XP level 4. HP: 33/48 MP: 5/5
  1822 | D:2      | HP: 2/48 [hobgoblin (1)]
  1823 | D:2      | Slain by a hobgoblin

Skill      XL: |  1  2  3 |
---------------+----------+-----
Fighting       | 3 |  3.6
Dodging        | 3 |  3.4
Maces & Flails | 3 |  3.1
Spellcasting   | 1 |  1.3
Throwing       | |  2.0

Action                   |  1- 3 |  4- 6 || total
-------------------------+-------+-------++-------
Melee: Flail             |   147 |    10 ||   157
  Use: Potion            |       |     1 ||     1
 Stab: Sleeping          |     1 |       ||     1
  Eat: Chunk             |     2 |       ||     2
Armor: Robe              |    78 |     5 ||    83
Dodge: Dodged            |    95 |    27 ||   122
